 Dungeon Crawl Stone Soup version 0.21-a0-344-g2144152 (webtiles) character file.

102 tidbits the Charmwright (level 4, -6/41 HPs)
             Began as a Gnoll Skald on Oct 4, 2017.
             Mangled by a mummy (7 damage)
             ... in an ossuary.
             The game lasted 00:05:43 (961 turns).

tidbits the Charmwright (Gnoll Skald)                Turns: 961, Time: 00:05:44

Health: -6/41      AC:  3    Str: 11 (13) XL:     4   Next: 78%
Magic:  1/11       EV: 13    Int: 17      God:
Gold:   106        SH:  4    Dex: 11 (14) Spells: 2/13 levels left

rFire    + . .     SeeInvis .   a - +0 hand axe
rCold    + . .     Gourm    .   (no shield)
rNeg     . . .     Faith    .   b - +0 leather armour
rPois    +         Spirit   .   (helmet restricted)
rElec    +         Reflect  .   (no cloak)
rCorr    +         Harm     .   (no gloves)
MR       .....                  (no boots)
Stlth    +.........             (no amulet)
HPRegen  0.13/turn              (no ring)
MPRegen  0.12/turn              (no ring)

@: resistant, infused
A: distributed training, fangs 1, horns 1, large bone plates 1, deterioration 1,
robust 1, strong nose
a: no special abilities


You were in an ossuary.
You were hungry.

You visited 1 branch of the dungeon, and saw 5 of its levels.
You also visited: Ossuary.

You collected 106 gold pieces.

Inventory:

Hand Weapons
 a - a +0 hand axe (weapon)
Missiles
 f - a throwing net {!f}
 j - 83 arrows
 q - 3 tomahawks (quivered)
Armour
 b - a +0 leather armour (worn)
 r - a +4 plate armour
Wands
 u - a wand of confusion (14/48)
Scrolls
 e - 2 scrolls of remove curse
 g - 2 scrolls of recharging {unknown}
 k - a scroll of enchant armour {unknown}
 l - a scroll of enchant weapon {unknown}
 n - a scroll of teleportation {unknown}
 o - a scroll of identify {unknown}
 p - a scroll of fear {unknown}
Potions
 h - 2 potions of mutation {!q}
 t - a potion of heal wounds {unknown}
Books
 c - a book of Battle

   Spells                             Type                      Level
   a - Infusion                       Charms                       1
   b - Shroud of Golubria             Charms/Translocation         2
   c - Song of Slaying                Charms                       2
   d - Spectral Weapon                Hexes/Charms                 3
   e - Regeneration                   Charms/Necromancy            3
Comestibles
 d - a bread ration
 i - a royal jelly
 m - a meat ration


   Skills:
 + Level 4.7 Fighting
 + Level 1.2 Short Blades
 + Level 1.2 Long Blades
 + Level 4.7 Axes
 + Level 1.2 Maces & Flails
 + Level 1.2 Polearms
 + Level 1.2 Staves
 + Level 1.2 Slings
 + Level 1.2 Bows
 + Level 1.2 Crossbows
 + Level 1.2 Throwing
 + Level 2.8 Armour
 + Level 4.7 Dodging
 + Level 1.2 Stealth
 + Level 1.2 Shields
 + Level 1.2 Unarmed Combat
 + Level 5.1 Spellcasting
 + Level 1.2 Conjurations
 + Level 1.2 Hexes
 + Level 6.6 Charms
 + Level 1.2 Summonings
 + Level 1.2 Necromancy
 + Level 1.2 Translocations
 + Level 1.2 Transmutations
 + Level 1.2 Fire Magic
 + Level 1.2 Ice Magic
 + Level 1.2 Air Magic
 + Level 1.2 Earth Magic
 + Level 1.2 Poison Magic
 + Level 1.2 Invocations
 + Level 1.2 Evocations


You had 2 spell levels left.
You knew the following spells:

 Your Spells              Type           Power        Failure   Level  Hunger
g - Shroud of Golubria    Chrm/Tloc      ###.......   5%          2    #......
i - Infusion              Chrm           ####         1%          1    None
r - Regeneration          Chrm/Necr      ###.......   11%         3    ###....
w - Spectral Weapon       Hex/Chrm       ###.....     11%         3    ###....
y - Song of Slaying       Chrm           ####....     1%          2    #......


Dungeon Overview and Level Annotations

Branches:
Dungeon (5/15)
 Temple: D:4-7

Altars:
Trog


Innate Abilities, Weirdness & Mutations

Your experience applies equally to all skills.
You have very sharp teeth.
Your uncanny sense of smell can sniff out nearby items.
You have a pair of small horns on your head.
You are partially covered in large bone plates. (SH +4)
Your body sometimes deteriorates upon taking damage.
You are robust. (+10% HP)


Message History

There is an empty arch of ancient stone here. 6 zombies come into view.
The orc zombie moves out of view. x2; The kobold zombie moves out of view.
There are monsters nearby!
Casting: Spectral Weapon
Confirm with . or Enter, or press ? or * to list all spells.
You draw out your weapon's spirit!
You swap places.
You hit the kobold zombie.
The kobold zombie is lightly damaged.
Your spectral weapon hits the kobold zombie.
You hit the kobold zombie. You bite the kobold zombie.
The kobold zombie is almost destroyed.
You hit the kobold zombie. You hit the hobgoblin zombie.
Your spectral weapon hits the kobold zombie.
You destroy the kobold zombie!
Your spectral weapon hits the kobold zombie.
The hobgoblin zombie misses you. The kobold zombie barely misses you.
You slash the kobold zombie!
You destroy the kobold zombie!
You hit the hobgoblin zombie. The hobgoblin zombie barely misses you.
You hit the hobgoblin zombie. You bite the hobgoblin zombie.
The hobgoblin zombie is heavily damaged.
Your spectral weapon hits the hobgoblin zombie!
You destroy the hobgoblin zombie!
Your spectral weapon hits the orc zombie.
The orc zombie hits your spectral weapon.
You swap places.
You hit the orc zombie.
The orc zombie is moderately damaged.
Your spectral weapon hits the orc zombie!
You destroy the orc zombie!
No target in view!
No target in view!
No target in view! 2 mummies and a zombie come into view. 2 mummies and a zombie come into view.
Casting: Spectral Weapon
Confirm with . or Enter, or press ? or * to list all spells.
Your skin crawls.
It was a potion of mutation.
You feel extremely strange. A pair of horns grows on your head!
You feel yourself wasting away.
Large bone plates grow over parts of your arms.
You feel robust.
You hit the hobgoblin zombie.
The hobgoblin zombie is heavily damaged.
Your spectral weapon hits the hobgoblin zombie.
You hit the mummy but do no damage. You completely miss the mummy.
You hit the hobgoblin zombie.
Your skin is crawling a little less now.
Your spectral weapon barely misses the mummy.
The hobgoblin zombie hits you but does no damage.
You hit the mummy.
The mummy is lightly damaged.
You barely miss the mummy. You hit the hobgoblin zombie.
You destroy the hobgoblin zombie!
Your spectral weapon hits the mummy but does no damage.
The mummy barely misses you. The mummy misses you.
You hit the mummy. Your headbutt misses the mummy.
The mummy is moderately damaged.
You hit the mummy. You hit the kobold zombie.
Your spectral weapon hits the mummy but does no damage.
Your spectral weapon hits the kobold zombie!
You destroy the kobold zombie!
The mummy hits you but does no damage. The mummy hits you.
You hit the mummy. Your headbutt misses the mummy.
The mummy is heavily damaged.
You hit the mummy.
Your spectral weapon hits the mummy!
Casting: Regeneration
Confirm with . or Enter, or press ? or * to list all spells.
You begin infusing your attacks with magical energy.
The mummy closely misses you. The mummy hits you! The mummy hits you.
You hit the mummy!
You destroy the mummy!
You hit the mummy. x3
Your skin stops crawling.
The mummy hits you.
* * * LOW HITPOINT WARNING * * *
You block the mummy's attack.
Unknown command.
You hit the mummy!
The mummy is heavily damaged.
You hit the mummy. You hit the mummy but do no damage.
Your spectral weapon hits the mummy.
The mummy barely misses your spectral weapon.
Unknown command.
You hit the mummy but do no damage. You bite the mummy, but do no damage.
The mummy is severely damaged.
You barely miss the kobold zombie. You hit the mummy. x2
Your spectral weapon completely misses the mummy.
Your spectral weapon hits the kobold zombie!
The mummy closely misses you. The mummy hits you!!
* * * LOW HITPOINT WARNING * * *
You block the mummy's attack.
It was a potion of resistance.
You feel protected.
Your spectral weapon fades away.
The kobold zombie hits you but does no damage.
The mummy hits you!
You die...

....##....##...
...............
..............
............
#........#
#..Z...# #MZM.#
#.@M.# ∆ #....#
∆ #....# #....#
∆∆ #....# ∆
#....# ∆ ∆∆
#....# ∆ #.∩∩.#
∆ ######


You could see 3 mummies, a kobold zombie and an orc zombie.

Vanquished Creatures
  The ghost of Hasart the Magician, a weakling KoWz (D:3)
  A mummy (Ossuary)
  An adder zombie (D:5)
  A worm (D:3)
  2 leopard geckos (D:1)
  2 bats
  2 giant cockroaches
  5 goblins
  4 hobgoblins
  6 jackals
  A quokka (D:2)
  2 ball pythons
  3 frilled lizards
  2 hobgoblin zombies (Ossuary)
  5 kobolds
  3 kobold zombies (Ossuary)
  An orc zombie (Ossuary)
  8 rats
  A rat zombie (D:5)
51 creatures vanquished.

Notes
Turn   | Place    | Note
-------+----------+-------------------------------------------
     0 | D:1      | tidbits the Gnoll Skald began the quest for the Orb.
     0 | D:1      | Reached XP level 1. HP: 20/20 MP: 6/6
   117 | D:1      | Reached XP level 2. HP: 22/26 MP: 1/7
   123 | D:1      | Learned a level 2 spell: Song of Slaying
   126 | D:1      | Learned a level 2 spell: Shroud of Golubria
   371 | D:2      | Reached XP level 3. HP: 30/31 MP: 3/9
   421 | D:2      | Reached skill level 5 in Spellcasting
   564 | D:3      | Noticed Hasart's ghost (weakling KoWz)
   585 | D:3      | Killed Hasart's ghost
   585 | D:3      | Reached skill level 1 in Short Blades
   585 | D:3      | Reached skill level 1 in Long Blades
   585 | D:3      | Reached skill level 1 in Maces & Flails
   585 | D:3      | Reached skill level 1 in Polearms
   585 | D:3      | Reached skill level 1 in Staves
   585 | D:3      | Reached skill level 1 in Slings
   585 | D:3      | Reached skill level 1 in Bows
   585 | D:3      | Reached skill level 1 in Crossbows
   585 | D:3      | Reached skill level 1 in Throwing
   585 | D:3      | Reached skill level 1 in Stealth
   585 | D:3      | Reached skill level 1 in Shields
   585 | D:3      | Reached skill level 1 in Unarmed Combat
   585 | D:3      | Reached skill level 1 in Conjurations
   585 | D:3      | Reached skill level 1 in Hexes
   585 | D:3      | Reached skill level 1 in Summonings
   585 | D:3      | Reached skill level 1 in Necromancy
   585 | D:3      | Reached skill level 1 in Translocations
   585 | D:3      | Reached skill level 1 in Transmutations
   585 | D:3      | Reached skill level 1 in Fire Magic
   585 | D:3      | Reached skill level 1 in Ice Magic
   585 | D:3      | Reached skill level 1 in Air Magic
   585 | D:3      | Reached skill level 1 in Earth Magic
   585 | D:3      | Reached skill level 1 in Poison Magic
   585 | D:3      | Reached skill level 1 in Invocations
   585 | D:3      | Reached skill level 1 in Evocations
   585 | D:3      | Reached XP level 4. HP: 21/38 MP: 2/11
   657 | D:3      | Learned a level 3 spell: Regeneration
   661 | D:3      | Learned a level 3 spell: Spectral Weapon
   809 | D:3      | Found a bloodstained altar of Trog.
   870 | D:5      | Entered Level 5 of the Dungeon
   923 | D:5      | Found a sand-covered staircase.
   934 | Ossuary  | Entered an ossuary
   951 | Ossuary  | Gained mutation: You have a pair of small horns on your head. [potion of mutation]
   951 | Ossuary  | Gained mutation: Your body sometimes deteriorates upon taking damage. [potion of mutation]
   951 | Ossuary  | Gained mutation: You are partially covered in large bone plates. (SH +4) [potion of mutation]
   951 | Ossuary  | Gained mutation: You are robust. (+10% HP) [potion of mutation]
   960 | Ossuary  | HP: 1/41 [mummy (18)]
   961 | Ossuary  | Mangled by a mummy

Vault maps used:
D:1:      dpeg_arrival_round_a
D:2:      cheibrodos_helix_gallery, minmay_misc_feat_secret_circle
D:3:      bloody_trog
D:4:      kennysheep_mini_moat, nemelex_altar_shiori, first_bread,
          lemuel_statue_altar
D:5:      lemuel_zombie_altar_yredelemnul, enter_ossuary_3, uniq_eustachio,
          uniq_edmund
Ossuary:  ossuary_tomb_3

Skill      XL: |  1  2  3 |
---------------+----------+-----
Spellcasting   | 5 |  5.1
Short Blades   | 1 |  1.2
Long Blades    | 1 |  1.2
Maces & Flails | 1 |  1.2
Polearms       | 1 |  1.2
Staves         | 1 |  1.2
Slings         | 1 |  1.2
Bows           | 1 |  1.2
Crossbows      | 1 |  1.2
Throwing       | 1 |  1.2
Stealth        | 1 |  1.2
Shields        | 1 |  1.2
Unarmed Combat | 1 |  1.2
Conjurations   | 1 |  1.2
Hexes          | 1 |  1.2
Summonings     | 1 |  1.2
Necromancy     | 1 |  1.2
Translocations | 1 |  1.2
Transmutations | 1 |  1.2
Fire Magic     | 1 |  1.2
Ice Magic      | 1 |  1.2
Air Magic      | 1 |  1.2
Earth Magic    | 1 |  1.2
Poison Magic   | 1 |  1.2
Invocations    | 1 |  1.2
Evocations     | 1 |  1.2
Fighting       | |  4.7
Axes           | |  4.7
Armour         | |  2.8
Dodging        | |  4.7
Charms         | |  6.6

Action                   |  1- 3 |  4- 6 || total
-------------------------+-------+-------++-------
Melee: Hand axe          |    65 |    44 ||   109
       Bite              |     1 |     5 ||     6
       Unarmed           |     8 |       ||     8
Throw: Tomahawk          |     3 |       ||     3
 Cast: Infusion          |    11 |     1 ||    12
       Spectral Weapon   |       |     5 ||     5
       Regeneration      |       |     2 ||     2
  Use: Scroll            |     1 |       ||     1
       Potion            |     3 |     2 ||     5
 Stab: Sleeping          |     1 |       ||     1
       Distracted        |       |     1 ||     1
Armor: Leather armour    |    18 |    12 ||    30
       Skin              |    18 |       ||    18
Dodge: Dodged            |    61 |    26 ||    87
Block: Other             |       |     2 ||     2

Table legend:
 A = Spawn XP
 B = Non-spawn XP
 C = Spawn XP percentage of total XP
 D = Spawn monster count
 E = Non-spawn monster count
 F = Spawn count percentage of total count
 G = Total turns spent on level
                    A         B        C        D         E        F      G
               +---------+---------+-------+---------+---------+-------+---------
         Total |       0 |     147 |   0.0 |       0 |      51 |   0.0 |   961
               +---------+---------+-------+---------+---------+-------+---------
           D:1 |       0 |      33 |   0.0 |       0 |      21 |   0.0 |   312
           D:2 |       0 |      12 |   0.0 |       0 |       8 |   0.0 |   239
           D:3 |       0 |      71 |   0.0 |       0 |      13 |   0.0 |   308
           D:5 |       0 |       7 |   0.0 |       0 |       2 |   0.0 |    64
       Ossuary |       0 |      24 |   0.0 |       0 |       7 |   0.0 |    27
               +---------+---------+-------+---------+---------+-------+---------

Table legend:
 A = Turns spent in this place as a percentage of turns spent in the entire game.
 B = Non-inter-level travel turns spent in this place as a percentage of non-inter-level travel turns spent in the entire game.
 C = Inter-level travel turns spent in this place as a percentage of turns spent in this place.
 D = Turns resting spent in this place as a percentage of non-inter-level travel turns spent in this place.
 E = Turns spent auto-exploring this place as a percentage of non-inter-level travel turns spent in this place.
 F = Non-inter-level travel turns spent in this place divided by the number of levels of this place that you've seen.
                   A       B       C       D       E      F
               +-------+-------+-------+-------+-------+----------------------
         Total | 100.0 | 100.0 |   3.3 |   0.0 |   0.0 | 154.8
       Dungeon |  97.2 |  97.1 |   3.4 |   0.0 |   0.0 | 180.4
       Ossuary |   2.8 |   2.9 |   0.0 |   0.0 |   0.0 |  27.0
               +-------+-------+-------+-------+-------+----------------------

Table legend:
 A = Kills in this place as a percentage of kills in entire the game.
 B = Kills by you in this place as a percentage of kills by you in the entire game.
 C = Kills by friends in this place as a percentage of kills by friends in the entire game.
 D = Other kills in this place as a percentage of other kills in the entire game.
 E = Experience gained in this place as a percentage of experience gained in the entire game.
 F = Experience gained in this place divided by the number of levels of this place that you have seen.
                   A       B       C       D       E      F
               +-------+-------+-------+-------+-------+----------------------
         Total | 100.0 | 100.0 |   N/A |   N/A | 100.0 |  24.5
       Dungeon |  86.3 |  86.3 |   N/A |   N/A |  83.7 |  24.6
       Ossuary |  13.7 |  13.7 |   N/A |   N/A |  16.3 |  24.0
               +-------+-------+-------+-------+-------+----------------------

Vault maps used:
D:1:      dpeg_arrival_round_a
D:2:      cheibrodos_helix_gallery, minmay_misc_feat_secret_circle
D:3:      bloody_trog
D:4:      kennysheep_mini_moat, nemelex_altar_shiori, first_bread,
          lemuel_statue_altar
D:5:      lemuel_zombie_altar_yredelemnul, enter_ossuary_3, uniq_eustachio,
          uniq_edmund
Ossuary:  ossuary_tomb_3
